 Dungeon Crawl Stone Soup version 0.23.0 (webtiles) character file.

Game seed: 2697969882418609427

971 Majang the Chopper (level 7, -12/55 HPs)
             Began as a Demonspawn Gladiator on Feb 12, 2019.
             Was a Priest of Makhleb.
             Mangled by Prince Ribbit (13 damage)
             ... on level 5 of the Dungeon.
             The game lasted 00:20:49 (4498 turns).

Majang the Chopper (Demonspawn Gladiator)           Turns: 4498, Time: 00:20:49

Health: -12/55     AC: 11    Str: 26    XL:     7   Next: 94%
Magic:  3/3        EV: 12    Int: 13    God:    Makhleb [***...]
Gold:   108        SH:  0    Dex: 14    Spells: 6/6 levels left

rFire    + . .     SeeInvis .   y - +4 war axe of Eneofy {antimagic, *Contam *Drain rPois Int+4 Stlth+}
rCold    . . .     Gourm    .   (no shield)
rNeg     + . .     Faith    .   x - +3 ring mail
rPois    +         Spirit   .   (helmet restricted)
rElec    .         Reflect  .   (no cloak)
rCorr    .         Harm     .   q - +0 pair of gloves (curse)
MR       .....                  (no boots)
Stlth    ++........             (no amulet)
HPRegen  0.18/turn              m - ring of positive energy
MPRegen  0.08/turn              u - +4 ring of strength

@: mighty
A: antennae 1, slimy green scales 1, fire resistance 1, sense surroundings 1
a: Minor Destruction, Lesser Servant of Makhleb, Renounce Religion


You were on level 5 of the Dungeon.
You worshipped Makhleb.
Makhleb was most pleased with you.
You were not hungry.

You visited 1 branch of the dungeon, and saw 5 of its levels.

You collected 303 gold pieces.
You spent 195 gold pieces at shops.

Inventory:

Hand Weapons
 a - a +0 war axe
 y - the +4 war axe of Eneofy (weapon) {antimagic, *Contam *Drain rPois Int+4 Stlth+}
   (You bought it in a shop on level 5 of the Dungeon)

   It reduces the magical energy of the wielder, and disrupts the spells and
   magical abilities of those hit.
   Natural abilities and divine invocations are not affected.
   It affects your intelligence (+4).
   It protects you from poison.
   It causes magical contamination when unequipped.
   It causes draining when unequipped.
   It makes you more stealthy.
Missiles
 d - 2 throwing nets (quivered)
Armour
 c - a +0 helmet
 l - a +0 buckler
 n - a +1 chain mail
 q - a cursed +0 pair of gloves (worn)
 v - a +0 scale mail
 x - a +3 ring mail (worn)
Jewellery
 m - a ring of positive energy (left hand)
 p - an uncursed ring of protection from fire
 u - a +4 ring of strength (right hand)
Wands
 w - a wand of disintegration (17)
Scrolls
 b - 3 scrolls of blinking
 e - a scroll of identify
 o - 4 scrolls of teleportation
 s - a scroll of enchant weapon {unknown}
 z - a scroll of random uselessness {unknown}
Potions
 g - a potion of lignification {unknown}
 h - a potion of berserk rage {unknown}
 i - a potion of mutation
 j - a potion of might
 k - a potion of flight
 t - a potion of cancellation
Comestibles
 f - 9 rations
 r - 5 chunks of flesh


   Skills:
 + Level 4.8 Fighting
 * Level 6.5 Axes
 - Level 1.7 Throwing
 + Level 0.7 Armour
 + Level 2.9 Dodging
 + Level 5.3 Invocations


You had 6 spell levels left.
You didn't know any spells.
Your spell library was empty.

Dungeon Overview and Level Annotations

Branches:
Dungeon (5/15)
 Temple: D:4-7

Altars:
Kikubaaqudgha
Makhleb

Shops:
D:5 (

Annotations:
D:5 Prince Ribbit


Innate Abilities, Weirdness & Mutations

You are partially covered in slimy green scales. (AC +2)
You have a pair of small antennae on your head.
Your flesh is heat resistant. (rF+)
You passively map a small area around you.


Message History

Prince Ribbit is moderately wounded.
Prince Ribbit closely misses you.
You miss Prince Ribbit.
Prince Ribbit is moderately wounded.
Prince Ribbit croaks regally.
Prince Ribbit hits you!
* * * LOW HITPOINT WARNING * * *
Prince Ribbit blinks!
It was a potion of might.
You feel very mighty all of a sudden. Prince Ribbit barely misses you.
The dart slug launches a dart at you. The slug dart hits you.
* * * LOW HITPOINT WARNING * * *
You miss Prince Ribbit.
Prince Ribbit is moderately wounded.
Prince Ribbit hits you!
* * * LOW HITPOINT WARNING * * *
Prince Ribbit hits you!
You die...

..................# ###<#..##....
...#.........###..# #)....####...
#....##..........####.)#### ###.#
.........##.######....##** #....
.....###....####...##......##....
......##.#.#........>....s<##....
##..#........####.##.......##....
##.............#.....#...g.##....
##.#...##......@F...............
# #...#.##......................#
###...#.##......#.w.......###....
.###.......#.)..#.........#####..
.......#####....#............##..
.♣.......###..............##..#..
.∩.♣...)))................###.#..
.♣###.##.)###.###.........#......
..# #.##........#...........###..


You could see Prince Ribbit and a dart slug.

Vanquished Creatures
  An ogre (D:4)
  A scorpion (D:5)
  A howler monkey (D:4)
  A crimson imp (D:5)
  A centaur zombie (D:5)
  2 hounds (D:4)
  2 centaur skeletons
  2 orc priests
  A gnoll shaman (D:4)
  Ijyb (D:5)
  4 worker ants
  6 orc wizards
  A howler monkey skeleton (D:4)
  5 adders
  5 gnolls
  A shadow imp (D:5)
  2 adder skeletons
  2 dart slugs (D:3)
  2 leopard geckos
  24 orcs
  3 bats
  5 giant cockroaches
  9 goblins
  11 hobgoblins
  4 jackals (D:3)
  3 quokkas
  3 frilled lizards
  7 kobolds
  A leopard gecko skeleton (D:4)
  A quokka skeleton (D:4)
  8 rats
120 creatures vanquished.

Vanquished Creatures (others)
  An orc wizard (D:5)
1 creature vanquished.

Grand Total: 121 creatures vanquished

Notes
Turn   | Place    | Note
-------+----------+-------------------------------------------
     0 | D:1      | Majang the Demonspawn Gladiator began the quest for the
                  | Orb.
     0 | D:1      | Reached XP level 1. HP: 16/16 MP: 1/1
   104 | D:1      | Reached skill level 3 in Axes
   250 | D:1      | Gained mutation: You are partially covered in slimy green
                  | scales. (AC +2) [demonic ancestry]
   250 | D:1      | Reached XP level 2. HP: 20/22 MP: 2/2
   813 | D:2      | Found a burning altar of Makhleb.
   822 | D:2      | Became a worshipper of Makhleb the Destroyer
  1239 | D:2      | Reached XP level 3. HP: 25/28 MP: 3/3
  1391 | D:3      | Reached skill level 1 in Invocations
  1705 | D:3      | Gained mutation: You passively map a small area around you.
                  | [potion of mutation]
  1705 | D:3      | Gained mutation: Your flesh is heat resistant. (rF+)
                  | [potion of mutation]
  1705 | D:3      | Gained mutation: You have a pair of small antennae on your
                  | head. [potion of mutation]
  1775 | D:3      | Reached * piety under Makhleb
  1808 | D:3      | Reached XP level 4. HP: 34/34 MP: 5/5
  1901 | D:3      | Reached skill level 4 in Axes
  2212 | D:3      | Reached XP level 5. HP: 41/41 MP: 6/6
  2792 | D:4      | Reached ** piety under Makhleb
  2856 | D:4      | Reached XP level 6. HP: 40/47 MP: 8/8
  3127 | D:4      | Reached skill level 5 in Axes
  3833 | D:5      | Entered Level 5 of the Dungeon
  3838 | D:5      | Reached XP level 7. HP: 49/54 MP: 10/10
  4108 | D:5      | Found an ancient bone altar of Kikubaaqudgha.
  4139 | D:5      | Noticed Ijyb
  4149 | D:5      | Killed Ijyb
  4177 | D:5      | Reached skill level 6 in Axes
  4245 | D:5      | Reached skill level 5 in Invocations
  4287 | D:5      | Found Haggefac's Antique Weapon Shoppe.
  4298 | D:5      | Bought a faintly glowing war axe for 195 gold pieces
  4298 | D:5      | Identified the +4 war axe of Eneofy {antimagic, *Contam
                  | *Drain rPois Int+4 Stlth+} (You bought it in a shop on
                  | level 5 of the Dungeon)
  4311 | D:5      | Reached *** piety under Makhleb
  4487 | D:5      | Noticed Prince Ribbit
  4498 | D:5      | HP: 1/55 [Prince Ribbit (9)]
  4498 | D:5      | Mangled by Prince Ribbit

Skill      XL: |  1  2  3  4  5  6  7 |
---------------+----------------------+-----
Axes           | 3 4 5 6 |  6.5
Invocations    | 1 2 3 4 5 |  5.3
Fighting       | 3 4 |  4.8
Throwing       | |  1.7
Armour         | |  0.7
Dodging        | |  2.9

Action                   |  1- 3 |  4- 6 |  7- 9 || total
-------------------------+-------+-------+-------++-------
Melee: War axe           |   124 |   191 |    98 ||   413
Throw: Throwing net      |       |     2 |       ||     2
Invok: Minor Destruction |       |     3 |       ||     3
  Use: Potion            |     5 |     2 |     1 ||     8
       Scroll            |       |     6 |     1 ||     7
 Stab: Held in net/web   |       |     2 |       ||     2
  Eat: Chunk             |     3 |     6 |     3 ||    12
Armor: Leather armour    |    38 |       |       ||    38
       Scale mail        |    20 |    52 |       ||    72
       Chain mail        |       |    49 |    54 ||   103
       Ring mail         |       |       |    33 ||    33
Dodge: Dodged            |    74 |    75 |    63 ||   212
